 Dungeon Crawl Stone Soup version 0.29.0-11-gd7f09526c8 (webtiles) character file.

Game seed: 12118127304542420919

651 gelatine the Magician (level 7, -9/43 HPs)
             Began as an Octopode Earth Elementalist on Sept 3, 2022.
             Mangled by a wyvern zombie (12 damage)
             ... in an ossuary.
             The game lasted 00:12:46 (3798 turns).

gelatine the Magician (Octopode Earth Elementalist) Turns: 3798, Time: 00:12:47

Health: -9/43      AC:  1    Str: 13    XL:     7   Next: 53%
Magic:  4/15       EV: 13    Int: 25    God:
Gold:   210        SH:  0    Dex: 13    Spells: 7/17 levels left

rFire   . . .      SeeInvis .   l - +0 whip (vamp)
rCold   . . .      Faith    .   (no shield)
rNeg    . . .      Spirit   .   (helmet restricted)
rPois   .          Reflect  .   (no amulet)
rElec   .          Harm     .   c - +6 ring of strength
rCorr   .          Rampage  .   p - +6 ring of intelligence
Will    .....                   (no ring)
Stlth   +++.......              (no ring)
HPRegen 0.14/turn               (no ring)
MPRegen 0.14/turn               (no ring)
                                (no ring)
                                (no ring)

@: mighty
A: almost no armour, amphibious, 8 rings, camouflage 1, gelatinous body 1,
(nimble swimmer 1), tentacles
a: no special abilities


You were in an ossuary.
You visited 1 branch of the dungeon, and saw 4 of its levels.
You also visited: Ossuary.

You collected 345 gold pieces.
You spent 135 gold pieces at shops.

Inventory:

Hand Weapons
 e - a +2 mace of protection
 l - a +0 vampiric whip (weapon)
 q - a +0 mace of draining
 r - a +0 vorpal mace
Missiles
 i - 5 poisoned darts
 j - 2 throwing nets
Jewellery
 c - a +6 ring of strength (left tentacle)
 p - a +6 ring of intelligence (right tentacle)
 t - an amulet of faith
Wands
 d - a wand of paralysis (8)
 u - a wand of flame (1)
Scrolls
 b - a scroll of enchant weapon
 f - a scroll of teleportation
 o - a scroll of noise
 s - a scroll of vulnerability
 w - a scroll of enchant armour
Potions
 a - a potion of magic
 h - a potion of curing {unknown}
 k - a potion of mutation {unknown}
 m - a potion of berserk rage {unknown}
 n - 2 potions of heal wounds {unknown}
 v - a potion of lignification {unknown}


   Skills:
 + Level 1.1 Fighting
 + Level 1.4 Maces & Flails
 + Level 0.5 Throwing
 + Level 2.5 Dodging
 + Level 3.1 Stealth
 + Level 5.5 Spellcasting
 + Level 0.8 Conjurations
 + Level 1.0 Transmutations
 + Level 5.1 Earth Magic


You had 7 spell levels left.
You knew the following spells:

 Your Spells              Type           Power      Damage    Failure   Level
a - Sandblast             Erth           64%        2d14      1%          1
b - Passwall              Tmut/Erth      18%        N/A       3%          2
c - Stone Arrow           Conj/Erth      42%        3d9       7%          3
d - Petrify               Tmut/Erth      22%        N/A       22%         4

Your spell library contained the following spells:

 Spells                   Type           Power      Damage    Failure   Level


Dungeon Overview and Level Annotations

Branches:
Dungeon (4/15)            Ossuary (1/1)
 Temple: D:4-7

Altars:

Shops:
D:2 :   D:4 ?


Innate Abilities, Weirdness & Mutations

You cannot wear most types of armour.
You are amphibious.
You can wear up to eight rings at the same time.
Your skin changes colour to match your surroundings (Stealth+).
Your rubbery body absorbs attacks. (AC +1, EV +1)
((You are camouflaged when in or above water. (Stealth+)))
You have tentacles for arms and can constrict up to eight enemies at once.


Message History

Press: ? - help, Shift-Dir - straight line, f/p - bullfrog zombie
Aim: a bullfrog zombie (almost destroyed, 90% to hit)
The blast of sand hits the bullfrog zombie!
You destroy the bullfrog zombie!
Your Fighting skill increases to level 1!
A wyvern zombie comes into view.
A killer bee zombie comes into view.
Casting: Sandblast (safe; 1% risk of failure)
Confirm with . or Enter, or press ? or * to list all spells.
Aiming: Sandblast (safe; 1% risk of failure)
Press: ? - help, Shift-Dir - straight line, f - wyvern zombie
Aim: a wyvern zombie (wandering, hasn't noticed you, 94% to hit)
The blast of sand hits the wyvern zombie!!
The wyvern zombie is heavily damaged.
Casting: Sandblast (safe; 1% risk of failure)
Confirm with . or Enter, or press ? or * to list all spells.
Aiming: Sandblast (safe; 1% risk of failure)
Press: ? - help, Shift-Dir - straight line, f/p - wyvern zombie
Aim: a wyvern zombie (heavily damaged, 94% to hit)
The blast of sand hits the killer bee zombie!
The killer bee zombie is moderately damaged.
The killer bee zombie closely misses you.
The killer bee zombie barely misses you.
The blast of sand hits the wyvern zombie!
The wyvern zombie is almost destroyed.
The killer bee zombie hits you. The wyvern zombie barely misses you.
The killer bee zombie closely misses you.
The wyvern zombie bites you!
* * * LOW HITPOINT WARNING * * *
The killer bee zombie hits you.
* * * LOW HITPOINT WARNING * * *
You hit the wyvern zombie.
The wyvern zombie is almost destroyed.
The killer bee zombie hits you.
* * * LOW HITPOINT WARNING * * *
The wyvern zombie closely misses you. The killer bee zombie hits you.
* * * LOW HITPOINT WARNING * * *
You feel very mighty all of a sudden. The wyvern zombie bites you!
You die...

####ā‰ˆ
###P~P
##ā‰ˆ#.~.
#~.~.~
#~#~#####
##.~.#...#
#~#~.'.Z@#
#..~#.Zāˆ©#
###.#####
+.+ #M# +.#
#.+ +.# #.#


You could see a wyvern zombie and a killer bee zombie.

Vanquished Creatures
  An ogre (D:4)
  4 bullfrog zombies (Ossuary)
  Natasha (thrice) (D:3)
  Ijyb (D:3)
  A killer bee zombie (Ossuary)
  The ghost of Buttons840 the Trooper, a weakling HOFi (D:3)
  8 mummies
  6 gnolls
  4 adders
  3 dart slugs
  6 orcs (D:3)
  5 endoplasms
  5 giant cockroaches
  3 hobgoblins
  6 jackals
  5 kobolds
  5 ball pythons
  5 bats
  5 frilled lizards
  6 rats
83 creatures vanquished.

Vanquished Creatures (others)
  8 plants (D:4)
  4 withered plants (Ossuary)
12 creatures vanquished.

Grand Total: 95 creatures vanquished

Notes
Turn   | Place    | Note
-------+----------+-------------------------------------------
     0 | D:1      | gelatine the Octopode Earth Elementalist began the quest
                  | for the Orb.
     0 | D:1      | Reached XP level 1. HP: 11/11 MP: 3/3
   192 | D:1      | Reached XP level 2. HP: 10/17 MP: 1/5
   734 | D:1      | Reached XP level 3. HP: 21/21 MP: 3/6
  1171 | D:2      | Found a faded altar of an unknown god.
  1314 | D:2      | Found Cuyskien's Book Boutique.
  1407 | D:2      | Reached XP level 4. HP: 23/27 MP: 5/8
  1785 | D:3      | Noticed Ijyb
  1786 | D:3      | Paralysed by Ijyb for 3 turns
  1798 | D:3      | Paralysed by Ijyb for 4 turns
  1807 | D:3      | Killed Ijyb
  1808 | D:3      | Reached skill level 1 in Maces & Flails
  1808 | D:3      | Reached XP level 5. HP: 11/31 MP: 1/10
  1925 | D:3      | Learned a level 2 spell: Passwall
  1929 | D:3      | Learned a level 3 spell: Stone Arrow
  1934 | D:3      | Learned a level 4 spell: Petrify
  2511 | D:3      | Noticed Natasha
  2518 | D:3      | Killed Natasha
  2527 | D:3      | Noticed Natasha
  2530 | D:3      | Killed Natasha
  2801 | D:3      | Noticed Natasha
  2932 | D:3      | Killed Natasha
  2933 | D:3      | Reached XP level 6. HP: 36/36 MP: 9/12
  3088 | D:3      | Found a large runed translucent door.
  3088 | D:3      | Found a large runed translucent door.
  3089 | D:3      | Noticed Buttons840's ghost (weakling HOFi)
  3165 | D:3      | Killed Buttons840's ghost
  3507 | D:4      | Identified the +1 leather armour "Qahoc" {rElec rPois
                  | Dex-4}
  3545 | D:4      | Found Niocafo's Magic Scroll Shop.
  3567 | D:4      | Bought a scroll of identify for 20 gold pieces
  3567 | D:4      | Bought a scroll of identify for 20 gold pieces
  3567 | D:4      | Bought a scroll of enchant armour for 75 gold pieces
  3567 | D:4      | Bought a scroll of identify for 20 gold pieces
  3608 | D:4      | Found a sand-covered staircase.
  3615 | Ossuary  | Entered an ossuary
  3629 | Ossuary  | Reached skill level 5 in Spellcasting
  3629 | Ossuary  | Reached XP level 7. HP: 41/41 MP: 7/14
  3638 | Ossuary  | Reached skill level 5 in Earth Magic
  3759 | Ossuary  | Reached skill level 1 in Fighting
  3798 | Ossuary  | Mangled by a wyvern zombie

Illustrated notes

Levels and vault maps discovered:
D:1:      matt_arrival_los_fun, layout_basic, hex_large
D:2:      layout_rooms, shapermc_ecumenical_altar_totnotflames, serial_shops,
          nicolae_diamond_shop, minmay_domino_4
D:3:      layout_loops_ring, ebering_ghost_disaster_area, uniq_ijyb,
          uniq_natasha
D:4:      layout_basic, gup_ossuary_entry_pyramid, serial_shops, shop,
          serial_bayou_lagoon_a
Ossuary:  ossuary_zaba_flooded

Skill      XL: |  1  2  3  4  5  6  7 |
---------------+----------------------+-----
Stealth        | 3 |  3.1
Spellcasting   | 3 4 5 |  5.5
Maces & Flails | 1 |  1.4
Earth Magic    | 4 5 |  5.1
Fighting       | 1 |  1.1
Throwing       | |  0.5
Dodging        | |  2.5
Conjurations   | |  0.8
Transmutations | |  1.0

Action                   |  1- 3 |  4- 6 |  7- 9 || total
-------------------------+-------+-------+-------++-------
Melee: Unarmed           |     4 |       |       ||     4
       Tentacles         |     2 |     4 |       ||     6
       Constrict         |     1 |     2 |     1 ||     4
       Mace              |     2 |     1 |       ||     3
       Whip              |       |     7 |     3 ||    10
Throw: Dart              |       |     3 |       ||     3
 Cast: Sandblast         |    46 |    58 |    29 ||   133
       Stone Arrow       |       |     7 |       ||     7
  Use: Scroll            |       |     7 |       ||     7
       Potion            |       |       |     1 ||     1
Armor: Skin              |       |     3 |     1 ||     4
Dodge: Dodged            |     8 |    13 |    14 ||    35
